 Dungeon Crawl Stone Soup version 0.18.1-48-g4cf74bf (webtiles) character file.

628 BabyRage the Poker (level 7, 0/60 HPs)
             Began as a Naga Skald on Aug 3, 2016.
             Was an Initiate of Okawaru.
             Slain by Pikel
             ... wielding a +0 whip of flaming
              (2 damage)
             ... on level 4 of the Dungeon.
             The game lasted 00:07:49 (4457 turns).

BabyRage the Poker (Naga Skald)                     Turns: 4457, Time: 00:07:51

Health: 0/60       AC:  7    Str: 14    XL:     7   Next: 48%
Magic:  4/10       EV:  9    Int: 13    God:    Okawaru [......]
Gold:   241        SH:  0    Dex: 12    Spells: 2 memorised, 6 levels left

rFire  . . .     SeeInvis +     a - +0 spear
rCold  . . .     Gourm    .     b - +1 leather armour
rNeg   . . .     Faith    .     (no shield)
rPois  +         Spirit   .     (no helmet)
rElec  .         Dismiss  .     (no cloak)
rCorr  .         Reflect  .     n - +2 pair of gloves
SustAt .         Harm     .     (no barding)
MR     .....                    (no amulet)
Stlth  ++........               s - ring of stealth
                                (no ring)

@: very slightly contaminated, very slow, not resistant to hostile enchantments,
unstealthy
A: see invisible, deformed body, poison resistance, slowness 2, slow metabolism
1, spit poison 2, AC +2
a: Spit Poison, Renounce Religion


You were on level 4 of the Dungeon.
You worshipped Okawaru.
Okawaru was noncommittal.
You were hungry.

You visited 2 branches of the dungeon, and saw 5 of its levels.

You collected 241 gold pieces.

Inventory:

Hand Weapons
 a - a +0 spear (weapon)
Missiles
 j - a throwing net (quivered)
Armour
 b - a +1 leather armour (worn)
 n - a +2 pair of gloves (worn)
Jewellery
 s - a ring of stealth (right hand)
Scrolls
 f - a scroll of teleportation
 k - a scroll of remove curse
 v - 3 scrolls of identify
Potions
 e - a potion of flight {unknown}
 h - 2 potions of curing
 i - a potion of might
 p - 2 potions of agility {unknown}
 q - a potion of heal wounds
 r - a potion of magic {unknown}
 t - a potion of resistance {unknown}
Books
 c - a book of Battle

   Spells                             Type                      Level
   a - Infusion                       Charms                       1
   b - Shroud of Golubria             Charms/Translocation         2
   c - Song of Slaying                Charms                       2
   d - Spectral Weapon                Hexes/Charms                 3
   e - Regeneration                   Charms/Necromancy            3
Comestibles
 d - 2 bread rations
 g - a royal jelly
 l - 2 meat rations
 m - 3 fruits
 u - a slice of pizza


   Skills:
 - Level 2.0 Fighting
 * Level 6.7 Polearms
 - Level 0.7 Armour
 - Level 0.7 Dodging
 - Level 2.0 Spellcasting
 + Level 5.4 Charms


You had 6 spell levels left.
You knew the following spells:

 Your Spells              Type           Power        Failure   Level  Hunger
a - Infusion              Chrm           ###.         4%          1    ##.....
b - Spectral Weapon       Hex/Chrm       #.......     34%         3    ####...


Dungeon Overview and Level Annotations

Branches:
Dungeon (4/15)             Temple (1/1) D:4

Altars:
Elyvilon
Fedhas
Kikubaaqudgha
Okawaru
Vehumet
Zin

Annotations:
D:3 exclusion: black bear
D:4 Pikel


Innate Abilities, Weirdness & Mutations

You cannot wear boots.
Your serpentine skin is tough (AC +2).
You have supernaturally acute eyesight.
Armour fits poorly on your strangely shaped body.
Your system is resistant to poisons.
You cover ground very slowly.
You have a slow metabolism.
You can spit poison.


Message History

Your spectral weapon hits Pikel from afar.
Pikel sighs. "I should go into elves; they're easier to handle.
And prettier!"
Pikel hits you with a whip of flaming.
* * * LOW HITPOINT WARNING * * *
Pikel burns you.
* * * LOW HITPOINT WARNING * * *
You hit Pikel but do no damage.
Pikel is heavily wounded.
Your spectral weapon hits Pikel from afar.
You closely miss Pikel.
Pikel is heavily wounded.
Your spectral weapon hits Pikel from afar.
Pikel drinks a potion.
Pikel is healed!
You miss Pikel.
Pikel is moderately wounded.
Your spectral weapon barely misses Pikel.
Pikel hits you with a whip of flaming!
* * * LOW HITPOINT WARNING * * *
Pikel burns you.
You die...

.#.....#....'...#.....+....#
.#.....'....#...#.....#....#
.###..##....###+#######....#
.######....................#
..#>..#....................#
..#...#....................+
..'...#....................#
..#...#.........(..........#
#######........[@[.........##
...........#####K##...........
...........# pp.#............
...........# ....#.†..........
...........# .....#............
...........#......#............
...........#......#....#+###..
...........##+##..#....#
############ #....#


You could see Pikel, 2 slaves and a friendly spectral spear.

Vanquished Creatures
  The ghost of Schimscham the Digger, an amateur DrEE (D:4)
  Edmund (D:4)
  A black bear (D:3)
  2 slaves (D:4)
  A phantom (D:4)
  A crimson imp (D:4)
  2 hounds (D:4)
  A hound skeleton (D:4)
  An adder (D:3)
  An ooze (D:2)
  An adder skeleton (D:4)
  2 worms
  3 dart slugs
  3 giant geckos
  4 giant cockroaches
  14 goblins
  5 hobgoblins
  4 jackals (D:3)
  4 kobolds
  A quokka (D:4)
  5 bats
  2 giant newts
  5 rats
65 creatures vanquished.

Notes
Turn   | Place    | Note
--------------------------------------------------------------
     0 | D:1      | BabyRage the Naga Skald began the quest for the Orb.
     0 | D:1      | Reached XP level 1. HP: 19/19 MP: 3/3
   423 | D:1      | Reached XP level 2. HP: 4/26 MP: 0/5
  1576 | D:2      | Reached XP level 3. HP: 28/32 MP: 6/6
  1578 | D:2      | Reached skill level 3 in Polearms
  1712 | D:2      | Learned a level 3 spell: Spectral Weapon
  1742 | D:2      | Found a blossoming altar of Fedhas.
  2150 | D:3      | Found an ancient bone altar of Kikubaaqudgha.
  2217 | D:3      | Found a faded altar to an unknown god.
  2529 | D:3      | Reached XP level 4. HP: 19/39 MP: 7/7
  2892 | D:3      | Noticed a black bear
  3197 | D:3      | Killed a black bear
  3197 | D:3      | Reached skill level 4 in Polearms
  3197 | D:3      | Reached XP level 5. HP: 29/45 MP: 0/8
  3308 | D:4      | Found a white marble altar of Elyvilon.
  3329 | D:4      | Found a staircase to the Ecumenical Temple.
  3340 | D:4      | Noticed a phantom
  3390 | D:4      | Killed a phantom
  3390 | D:4      | Reached skill level 5 in Polearms
  3390 | D:4      | Reached XP level 6. HP: 15/52 MP: 0/9
  3396 | Temple   | Entered the Ecumenical Temple
  3482 | Temple   | Became a worshipper of Warmaster Okawaru
  3640 | D:4      | Found a glowing silver altar of Zin.
  3917 | D:4      | Noticed Edmund
  3934 | D:4      | Killed Edmund
  3934 | D:4      | Reached skill level 6 in Polearms
  3934 | D:4      | Reached skill level 5 in Charms
  3934 | D:4      | Reached XP level 7. HP: 31/60 MP: 0/10
  4069 | D:4      | Noticed Schimscham's ghost (amateur DrEE)
  4092 | D:4      | Killed Schimscham's ghost
  4424 | D:4      | Noticed Pikel
  4457 | D:4      | HP: 2/60 [Pikel/whip of flaming (7)]
  4457 | D:4      | Slain by Pikel

Skill      XL: |  1  2  3  4  5  6 |
---------------+-------------------+-----
Polearms       | 3 4 5 6 |  6.7
Charms         | 4 5 |  5.4
Fighting       | |  2.0
Armour         | |  0.7
Dodging        | |  0.7
Spellcasting   | |  2.0

Action                   |  1- 3 |  4- 6 |  7- 9 || total
-------------------------+-------+-------+-------++-------
Melee: Spear             |   182 |   163 |    63 ||   408
 Cast: Infusion          |     3 |     4 |     1 ||     8
       Spectral Weapon   |       |     6 |     3 ||     9
 Abil: Spit Poison       |     9 |     1 |       ||    10
  Use: Scroll            |     9 |     3 |       ||    12
       Potion            |       |       |     1 ||     1
 Stab: Sleeping          |     4 |     2 |       ||     6
       Distracted        |       |     1 |       ||     1
  Eat: Chunk             |     5 |     5 |     1 ||    11
Armor: Leather armour    |    64 |    47 |    12 ||   123
Dodge: Dodged            |    75 |    56 |    18 ||   149
